 Dungeon Crawl Stone Soup version 0.30-a0-250-g41c1d76940 (webtiles) character file.

Game seed: 4984784355519994912

10 ytrimaz the Ducker (level 2, 0/24 HPs)
             Began as a Djinni Gladiator on Oct 12, 2022.
             Frozen to death by an endoplasm (6 damage)
             ... on level 1 of the Dungeon.
             The game lasted 00:00:22 (229 turns).

ytrimaz the Ducker (Djinni Gladiator)                Turns: 229, Time: 00:00:23

Health: 0/24       AC:  4    Str: 13    XL:     2   Next: 30%
Gold:   15         EV: 12    Int:  9    God:
                   SH:  0    Dex: 14

rFire   + + .      SeeInvis .    a - +0 quarterstaff
rCold   x . .      Faith    .    (shield currently unavailable)
rNeg    . . .      Spirit   .    b - +0 leather armour
rPois   ∞          Reflect  .    c - +0 helmet
rElec   .          Harm     .    (no cloak)
rCorr   .          Rampage  .    (no gloves)
Will    .....                    (boots unavailable)
Stlth   +.........               (no amulet)
HPRegen 0.24/turn                (no ring)
MPRegen 0.00/turn                (no ring)

@: flying
A: sickness immunity, fire resistance 2, cold vulnerability 1, float, innate
caster, HP casting, extra vitality 1
a: no special abilities


You were on level 1 of the Dungeon.
You visited 1 branch of the dungeon, and saw 1 of its levels.

You collected 15 gold pieces.


Innate Abilities, Weirdness & Mutations

You are immune to sickness and miasma.
You are immune to poison.
Your flesh is very heat resistant. (rF++)
You are vulnerable to cold. (rC-)
You float through the air rather than walking.
You learn spells naturally, not from books.
Your magical power is your life essence.
You have superior vitality. (+4 MHP)


   Skills:
 + Level 2.4 Fighting
 + Level 3.0 Staves
 - Level 1.5 Throwing
 - Level 3.2 Dodging


You had one spell level left.
You didn't know any spells.
Your spell library was empty.

Inventory:

Hand Weapons
 a - a +0 quarterstaff (weapon)
Missiles
 d - 3 throwing nets (quivered)
 e - a javelin
Armour
 b - a +0 leather armour (worn)
 c - a +0 helmet (worn)
Scrolls
 f - 2 scrolls of immolation {unknown}
Potions
 g - a potion of might {unknown}
 h - a potion of curing {unknown}

Dungeon Overview and Level Annotations

Branches:
Dungeon (1/15) Zot: 5764

Altars:

.# .# ## .##.
.###... ##.#...##
+.......# #.......
#...J.# #...@.#
#....## #+# #.#..#
#.# #.##.###.#
####.#####.$......#
.......#####.#####
##...#.# #.# #
#......# #.#
##.###...#.#####.#


You could see an endoplasm.


Message History

You are too injured to fight recklessly!
Unknown command.
You closely miss the giant cockroach.
The giant cockroach bites you but does no damage. x2
You are too injured to fight recklessly!
You hit the giant cockroach but do no damage.
The giant cockroach closely misses you.
Unknown command.
A giant cockroach is nearby!
Unknown command.
A giant cockroach is nearby!
You are too injured to fight recklessly!
You hit the giant cockroach but do no damage.
The giant cockroach bites you but does no damage. x2 😮 HP[+1] Unknown command.
You are too injured to fight recklessly!
You barely miss the giant cockroach. The giant cockroach barely misses you.
Unknown command.
A giant cockroach is nearby!
You are too injured to fight recklessly!
You hit the giant cockroach.
You kill the giant cockroach!
Your Staves skill increases to level 3! 😮 HP[+1]
You now have 24 max hp (+1). 😕 HP[+1]
You reach down and open the door.
There is an open door here.
Key pressed, stopping explore.
A kobold comes into view.
It is wielding a +0 short sword. 😎 HP[+5]
Your hp is fully restored (24).
A kobold is nearby!
A kobold is nearby!
The kobold shouts!
You barely miss the kobold. The kobold hits you but does no damage.
You barely miss the kobold. The kobold closely misses you.
You hit the kobold but do no damage. The kobold hits you but does no damage.
The kobold misses you.
Unknown command.
You closely miss the kobold.
The kobold hits you with a +0 short sword. 😕 HP[-2]
You take 2 damage, and now have 22/24 hp.
You sock the kobold!
You kill the kobold!
Things that are here:
a +0 short sword; a stone; a kobold corpse 😕 HP[+1] Unknown command.
No target in view!
Key pressed, stopping explore.
No target in view!
Unknown command.
You now have 15 gold pieces.
h - a fizzy coppery potion 😎 HP[+1]
Your hp is fully restored (24).
A hobgoblin comes into view.
The hobgoblin shouts!
A hobgoblin is nearby!
A hobgoblin is nearby!
The hobgoblin closely misses you.
You hit the hobgoblin but do no damage. The hobgoblin barely misses you.
You sock the hobgoblin!
You kill the hobgoblin!
An endoplasm comes into view.
An endoplasm is nearby!
An endoplasm is nearby!
The endoplasm quivers.
You hit the endoplasm. The endoplasm freezes you.
You are frozen.
You feel a terrible chill! The endoplasm hits you. 😮 HP[-8]
You take 8 damage, and now have 16/24 hp.
MASSIVE DAMAGE!! (PAUSE)
You hit the endoplasm. The endoplasm misses you.
You barely miss the endoplasm. The endoplasm freezes you.
You are frozen.
You feel a terrible chill!
* * * LOW HITPOINT WARNING * * *
😨 HP[-4]
You take 4 damage, and now have 12/24 hp.
You hit the endoplasm. The endoplasm freezes you.
You are frozen!
You feel a terrible chill!
* * * LOW HITPOINT WARNING * * *
😱 HP[-6]
You take 6 damage, and now have 6/24 hp.
MASSIVE DAMAGE!! (PAUSE)
You barely miss the endoplasm. The endoplasm freezes you.
You are frozen.
You feel a terrible chill!
You die...

Skill      XL: |  1  2 |
---------------+-------+-----
Staves         | 3 |  3.0
Fighting       | |  2.4
Throwing       | |  1.5
Dodging        | |  3.2

Action                   || total
-------------------------++-------
Melee: Quarterstaff      ||    34
Armor: Leather armour    ||    12
Dodge: Dodged            ||    19

Levels and vault maps discovered:
D:1:      mrwooster_arrival_statue_3, layout_loops_corners

Notes
Turn   | Place    | Note
-------+----------+-------------------------------------------
     0 | D:1      | ytrimaz the Djinni Gladiator began the quest for the Orb.
     0 | D:1      | Reached XP level 1. HP: 18/18 MP: 0/0
     0 | D:1      | magus.rc [v1.9.6]
   130 | D:1      | Reached XP level 2. HP: 16/23 MP: 0/0
   136 | D:1      | Reached skill level 3 in Staves
   228 | D:1      | HP: 6/24 [frozen (7)]
   229 | D:1      | Frozen to death by an endoplasm

Vanquished Creatures
  An endoplasm (D:1)
  A giant cockroach (D:1)
  A hobgoblin (D:1)
  3 kobolds (D:1)
  A quokka (D:1)
  A bat (D:1)
8 creatures vanquished.

Table legend:
 A = Non-vault XP
 B = Vault XP
 C = Vault XP percentage of total XP
 D = Non-vault monster count
 E = Vault monster count
 F = Vault count percentage of total count
                 A         B        C        D         E       F
            +---------+---------+-------+---------+---------+-------
      Total |      15 |       0 |   0.0 |       8 |       0 |   0.0
            +---------+---------+-------+---------+---------+-------
        D:1 |      15 |       0 |   0.0 |       8 |       0 |   0.0
            +---------+---------+-------+---------+---------+-------

Illustrated notes

Table legend:
 A = Kills in this place as a percentage of kills in entire the game.
 B = Kills by you in this place as a percentage of kills by you in the entire game.
 C = Kills by friends in this place as a percentage of kills by friends in the entire game.
 D = Other kills in this place as a percentage of other kills in the entire game.
 E = Experience gained in this place as a percentage of experience gained in the entire game.
 F = Experience gained in this place divided by the number of levels of this place that you have seen.
                   A       B       C       D       E      F
               +-------+-------+-------+-------+-------+----------------------
         Total | 100.0 | 100.0 |   N/A |   N/A | 100.0 |  15.0
       Dungeon | 100.0 | 100.0 |   N/A |   N/A | 100.0 |  15.0
               +-------+-------+-------+-------+-------+----------------------

Table legend: (Time is in decaauts)
 A = Elapsed time spent in this place.
 B = Non-inter-level travel time spent in this place.
 C = Inter-level travel time spent in this place.
 D = Time resting spent in this place.
 E = Time spent auto-exploring this place.
 F = Levels seen in this place.
 G = Mean time per level.
                   A        B        C        D        E       F      G
               +--------+--------+--------+--------+--------+-----+--------+
         Total |    234 |    234 |      0 |      0 |    152 |   1 |  234.0 |
       Dungeon |    234 |    234 |      0 |      0 |    152 |   1 |  234.0 |
               +--------+--------+--------+--------+--------+-----+--------+

Top non-repeatable levels by time:
     D:1: 234 daAuts
